 Dungeon Crawl Stone Soup version 0.31-a0-1576-ga3383bade6 (webtiles) character file.

Game seed: 9939790454541393111

5523 grandjackal the Fighter (level 10, -5/85 HPs)
             Began as a Demonspawn Gladiator on Jan 4, 2024.
             Was a Believer of Makhleb.
             Slain by Joseph
             ... wielding a +0 quarterstaff
              (10 damage)
             ... on level 9 of the Dungeon.
             The game lasted 00:09:23 (7145 turns).

grandjackal the Fighter (Demonspawn Gladiator)      Turns: 7145, Time: 00:09:23

Health: -5/85      AC:  7    Str: 18    XL:     10   Next: 43%
Magic:  15/15      EV: 20    Int:  8    God:    Makhleb [**....]
Gold:   373        SH:  0    Dex: 16    Spells: 9/9 levels left

rFire   . .          .
                       - Unarmed
rCold   . . .        (no shield)
rNeg    . . .        y - +0 ring mail
rPois   .            c - +0 helmet
rElec   .            v - +0 cloak
rCorr   .            (no gloves)
SInv    .            (no boots)
Will    .....        a - amulet of regeneration
Stlth   +            t - ring of flight
HPRegen 1.14/turn    (no ring)
MPRegen 0.14/turn

%: no passive effects
@: agile, flying
A: repulsion field 2, ignite blood 1, powered by pain 2, demonic touch 2
a: Renounce Religion, Minor Destruction


You were on level 9 of the Dungeon.
You worshipped Makhleb.
Makhleb was pleased with you.
You visited 2 branches of the dungeon, and saw 10 of its levels.

You collected 373 gold pieces.

Inventory:

Missiles
 d - a throwing net
 e - a javelin
 h - 14 boomerangs (quivered)
Armour
 c - a +0 helmet (worn)
 v - a +0 cloak (worn)
 y - a +0 ring mail (worn)
Jewellery
 a - an amulet of regeneration (around neck)
 q - an amulet of reflection
 t - a ring of flight (left hand)
Wands
 j - a wand of mindburst (8)
 s - a wand of polymorph (3)
 C - a wand of iceblast (22)
Scrolls
 f - 9 scrolls of identify {unknown}
 g - 2 scrolls of teleportation
 k - a scroll of amnesia {unknown}
 l - 2 scrolls of noise {unknown}
 p - 2 scrolls of vulnerability {unknown}
 r - 2 scrolls of fear {unknown}
 B - a scroll of poison {unknown}
Potions
 b - a potion of invisibility {unknown}
 i - 2 potions of lignification
 m - 2 potions of attraction {unknown}
 n - 2 potions of curing
 o - a potion of magic {unknown}
 u - 2 potions of haste {unknown}
 w - a potion of resistance {unknown}
 x - a potion of mutation {unknown}
 z - a potion of berserk rage {unknown}
 A - a potion of heal wounds
 D - a potion of brilliance {unknown}


   Skills:
 + Level 10.1 Fighting
 - Level 4.2 Axes
 - Level 2.0 Throwing
 - Level 4.2 Dodging
 + Level 8.3 Unarmed Combat
 + Level 7.8 Invocations


You had 9 spell levels left.
You didn't know any spells.
Your spell library contained the following spells:

 Spells                   Type           Power      Damage    Failure   Level
 Foxfire                  Conj/Fire      0%         2x1d4     61%         1
 Freeze                   Ice            0%         1d3       61%         1
 Shock                    Conj/Air       0%         1d3       61%         1
 Blink                    Tloc           0%         N/A       75%         2
 Jinxbite                 Hex            0%         N/A       75%         2
 Lesser Beckoning         Tloc           0%         N/A       75%         2
 Mercury Vapours          Alch/Air       0%         N/A       75%         2
 Momentum Strike          Conj/Tloc      0%         3d8       75%         2
 Frozen Ramparts          Ice            0%         1d1       93%         3
 Hailstorm                Conj/Ice       0%         3d5       93%         3
 Mephitic Cloud           Conj/Alch/Air  0%         N/A       93%         3
 Summon Ice Beast         Ice/Summ       0%         N/A       93%         3
 Swiftness                Air            0%         N/A       93%         3
 Tukima's Dance           Hex            0%         N/A       93%         3
 Airstrike                Air            0%         2d(0-16)  100%        4
 Cause Fear               Hex            0%         N/A       100%        4
 Passage of Golubria      Tloc           0%         N/A       100%        4
 Freezing Cloud           Conj/Ice/Air   0%         6-21      100%        5
 Yara's Violent Unravell  Hex/Alch       0%         3d3       100%        5
 Plasma Beam              Fire/Air       0%         2x1d10    100%        6
 Starburst                Conj/Fire      0%         6d3       100%        6
 Enfeeble                 Hex            0%         N/A       100%        7
 Discord                  Hex            0%         N/A       100%        8


Dungeon Overview and Level Annotations

Branches:
Dungeon (9/15)             Temple (1/1) D:7            Lair (0/5) D:8
    Orc: D:9-12

Altars:
Ashenzari
Cheibriados
Dithmenos
Fedhas
Gozag
Hepliaklqana
Kikubaaqudgha
Makhleb
Nemelex Xobeh
Okawaru
Qazlal
Ru
Sif Muna
Trog
Uskayaw
Vehumet
Wu Jian
Xom
Yredelemnul

Shops:
D:7 :

Annotations:
D:9 Joseph


Innate Abilities, Weirdness & Mutations

You are surrounded by a moderate repulsion field. (EV +3)
Your demonic aura sometimes causes spilled blood to erupt in flames.
You sometimes gain power by taking damage.
Your touch may inflict irresistible damage on your foes.


Message History

The killer bee is severely wounded.
You feel sick. The killer bee closely misses you. The killer bee misses you.
Joseph shoots a sling bullet.
The sling bullet hits you!
* * * LOW HITPOINT WARNING * * *
Unknown command.
You hit the killer bee but do no damage.
You touch the killer bee.
You kill the killer bee!
Makhleb accepts your kill.
You feel sick.
Unknown command.
You feel sick.
Joseph zaps a wand.
The mass of ice explodes!
The iceblast engulfs you.
* * * LOW HITPOINT WARNING * * *
You feel sick.
Joseph unwields a +0 sling.
Joseph wields a +0 quarterstaff.
Joseph completely misses you.
You hit Joseph.
Joseph is lightly wounded.
Joseph barely misses you.
You closely miss Joseph.
You touch Joseph!
Joseph is lightly wounded.
You feel sick. Joseph barely misses you.
You hit Joseph.
You touch Joseph!
Joseph is heavily wounded.
You feel sick. Joseph hits you but does no damage.
You hit Joseph but do no damage.
Joseph is heavily wounded.
You feel sick. Joseph hits you with a +0 quarterstaff!
* * * LOW HITPOINT WARNING * * *
You closely miss Joseph. You punch Joseph.
Joseph is heavily wounded.
You feel sick.
You are no longer poisoned.
Joseph barely misses you.
You hit Joseph.
Joseph is heavily wounded.
You closely miss Joseph.
Joseph is heavily wounded.
Joseph hits you with a +0 quarterstaff!
You die...

######.## .......
#.......###..[D...
#.........#.......
#.......#....F....
##...^...###.......
.........# .......
##......<# .......
#.....@.# #######
######@## ####.#
##.†..# #..####
##.### #....#
###y.# #.....y#
#..###..#


You could see Joseph.

Vanquished Creatures
  A two-headed ogre (D:8)
  Pikel (D:8)
  Maurice (D:9)
  Grinder (D:3)
  3 yaks (D:8)
  2 steam dragons (D:8)
  A water moccasin (D:5)
  An acid dragon (D:9)
  4 ice beasts
  A sky beast (D:8)
  4 ogres
  A black bear (D:8)
  2 centaurs
  A lemure (D:8)
  A phantom (D:6)
  A kobold brigand (D:7)
  3 bullfrogs
  2 gnoll sergeants
  2 scorpions
  8 killer bees
  2 jellies
  5 hounds
  4 orc priests
  Crazy Yiuf (D:6)
  2 gnoll boudas
  A sleepcap (D:7)
  Ijyb (D:3)
  8 orc wizards
  Natasha (thrice) (D:2)
  5 iguanas
  6 adders
  17 gnolls
  5 dart slugs
  A ribbon worm (D:2)
  31 orcs
  4 ball pythons
  6 endoplasms
  A giant cockroach (D:3)
  3 hobgoblins
  4 jackals (D:2)
  3 quokkas
  2 bats (D:2)
  6 frilled lizards
  6 goblins
  13 kobolds
  6 rats
187 creatures vanquished.

Vanquished Creatures (others)
  A killer bee (D:9)
1 creature vanquished.

Grand Total: 188 creatures vanquished

Notes
Turn   | Place    | Note
-------+----------+-------------------------------------------
     0 | D:1      | grandjackal the Demonspawn Gladiator began the quest for
                  | the Orb.
     0 | D:1      | Reached XP level 1. HP: 16/16 MP: 1/1
     1 | D:1      | Got the Lessons on the Familiar Curse
   248 | D:1      | Gained mutation: You are surrounded by a mild repulsion
                  | field. (EV +2) [demonic ancestry]
   248 | D:1      | Reached XP level 2. HP: 13/22 MP: 2/2
   648 | D:2      | Noticed Natasha
   657 | D:2      | Killed Natasha
   658 | D:2      | Reached XP level 3. HP: 20/28 MP: 3/3
   918 | D:2      | Gained mutation: You sometimes gain a little power by
                  | taking damage. [demonic ancestry]
   918 | D:2      | Reached XP level 4. HP: 32/34 MP: 4/4
  1112 | D:2      | Noticed Natasha
  1118 | D:2      | Reached skill level 3 in Fighting
  1120 | D:2      | Killed Natasha
  1365 | D:2      | Noticed Natasha
  1379 | D:2      | Killed Natasha
  1485 | D:3      | Found a shimmering altar of Xom.
  1488 | D:3      | Noticed Grinder
  1494 | D:3      | Paralysed by Grinder for 3 turns
  1506 | D:3      | Paralysed by Grinder for 3 turns
  1519 | D:3      | Killed Grinder
  1520 | D:3      | Reached skill level 4 in Fighting
  1520 | D:3      | Gained mutation: Your touch may inflict minor irresistible
                  | damage on your foes. [demonic ancestry]
  1520 | D:3      | Reached XP level 5. HP: 28/42 MP: 5/5
  1520 | D:3      | Gained mutation: You sometimes gain power by taking damage.
                  | [demonic ancestry]
  1520 | D:3      | Reached XP level 6. HP: 33/48 MP: 6/6
  2012 | D:3      | Found a faded altar of an unknown god.
  2022 | D:3      | Noticed Ijyb
  2035 | D:3      | Killed Ijyb
  2569 | D:4      | Reached skill level 1 in Unarmed Combat
  2963 | D:4      | Gained mutation: You are surrounded by a moderate repulsion
                  | field. (EV +3) [demonic ancestry]
  2963 | D:4      | Reached XP level 7. HP: 50/55 MP: 7/7
  3183 | D:5      | Entered Level 5 of the Dungeon
  3208 | D:5      | Reached skill level 5 in Fighting
  3682 | D:5      | Reached skill level 6 in Fighting
  3961 | D:5      | Gained mutation: Your touch may inflict irresistible damage
                  | on your foes. [demonic ancestry]
  3961 | D:5      | Reached XP level 8. HP: 64/64 MP: 8/8
  4411 | D:6      | Reached skill level 7 in Fighting
  4411 | D:6      | Reached skill level 5 in Unarmed Combat
  4629 | D:6      | Found a runed translucent door.
  4630 | D:6      | Noticed Crazy Yiuf
  5096 | D:6      | Killed Crazy Yiuf
  5347 | D:7      | Reached skill level 8 in Fighting
  5364 | D:7      | Found a staircase to the Ecumenical Temple.
  5375 | Temple   | Entered the Ecumenical Temple
  5419 | Temple   | Became a worshipper of Makhleb the Destroyer
  5511 | D:7      | Found Yfafent's Book Emporium.
  5541 | D:7      | Reached skill level 1 in Invocations
  5541 | D:7      | Reached XP level 9. HP: 74/74 MP: 9/9
  6053 | D:7      | Reached * piety under Makhleb
  6114 | D:8      | Noticed a two-headed ogre
  6122 | D:9      | Noticed Maurice
  6136 | D:9      | Something stole an amulet of reflection
  6138 | D:9      | Something stole 11 boomerangs
  6141 | D:9      | Killed Maurice
  6303 | D:8      | Noticed Pikel
  6313 | D:8      | Killed Pikel
  6314 | D:8      | Reached skill level 9 in Fighting
  6314 | D:8      | Reached skill level 5 in Invocations
  6341 | D:8      | Found a staircase to the Lair.
  6494 | D:8      | Gained mutation: Your demonic aura sometimes causes spilled
                  | blood to erupt in flames. [demonic ancestry]
  6494 | D:8      | Reached XP level 10. HP: 81/83 MP: 14/14
  6751 | D:8      | Killed a two-headed ogre
  6835 | D:8      | Found a basalt altar of Yredelemnul.
  6840 | D:8      | Reached skill level 10 in Fighting
  6840 | D:8      | Found a shadowy altar of Dithmenos.
  6857 | D:8      | Reached ** piety under Makhleb
  7129 | D:9      | Noticed Joseph
  7142 | D:9      | HP: 3/85 [Joseph/+0 quarterstaff (12)]
  7145 | D:9      | Slain by Joseph

Illustrated notes

Levels and vault maps discovered:
D:1:      minmay_arrival_loop, layout_rooms
D:2:      layout_loops_ring, minmay_cut_off, uniq_natasha
D:3:      layout_loops_ring, mainiacjoe_overflow_tiny_flanked,
          shapermc_ecumenical_altar_mp_urbaneastern, uniq_ijyb, uniq_grinder
D:4:      layout_cave_pools, nrook_campfire
D:5:      layout_gridville
D:6:      layout_basic, grunt_decor_arrowhead, uniq_crazy_yiuf_cottage
D:7:      layout_basic, minmay_temple_entry_purple_smoke, serial_shops, shop
D:8:      layout_rooms, gammafunk_temple_overflow_pools, lair_entry_dummy,
          uniq_pikel
D:9:      layout_roguey, david_orc_2, minmay_misc_feat_iff, uniq_joseph,
          uniq_maurice
Temple:   nicolae_temple_bog_church

Skill      XL: |  1  2  3  4  5  6  7  8  9 10 |
---------------+-------------------------------+-----
Throwing       | 2 |  2.0
Dodging        | 3 4 |  4.2
Axes           | 3 4 |  4.2
Fighting       | 4 6 8 9 10 | 10.1
Unarmed Combat | 2 4 6 7 8 |  8.3
Invocations    | 1 6 7 |  7.8

Action                     |  1- 3 |  4- 6 |  7- 9 | 10-12 || total
---------------------------+-------+-------+-------+-------++-------
  Melee: War axe           |    71 |   125 |    90 |       ||   286
         Punch             |     1 |     2 |    10 |     4 ||    17
         Touch             |       |    14 |    59 |    16 ||    89
         Unarmed           |       |       |   248 |   102 ||   350
  Throw: Boomerang         |       |     7 |    31 |       ||    38
         Throwing net      |       |       |     2 |       ||     2
 Invoke: Minor Destruction |       |       |       |     2 ||     2
    Use: Potion            |       |     2 |     3 |       ||     5
         Scroll            |       |       |     1 |       ||     1
 Armour: Leather armour    |    48 |    36 |    70 |       ||   154
         Skin              |       |    37 |    39 |       ||    76
         Ring mail         |       |       |    97 |    60 ||   157
  Dodge: Dodged            |    45 |    78 |   237 |    94 ||   454
  Block: Other             |       |     7 |    17 |       ||    24
         Reflection        |       |     1 |     2 |       ||     3

Table legend: (Time is in decaauts)
 A = Elapsed time spent in this place.
 B = Non-inter-level travel time spent in this place.
 C = Inter-level travel time spent in this place.
 D = Time resting spent in this place.
 E = Time spent auto-exploring this place.
 F = Levels seen in this place.
 G = Mean time per level.
                   A        B        C        D        E       F      G
               +--------+--------+--------+--------+--------+-----+--------+
         Total |   7212 |   6945 |    267 |   1339 |   4165 |  10 |  721.2 |
       Dungeon |   7157 |   6918 |    239 |   1339 |   4165 |   9 |  795.2 |
        Temple |     54 |     26 |     28 |      0 |      0 |   1 |   54.0 |
               +--------+--------+--------+--------+--------+-----+--------+

Top non-repeatable levels by time:
     D:3: 1166 daAuts
     D:5: 1047 daAuts
     D:6: 971 daAuts
     D:7: 882 daAuts
     D:2: 836 daAuts
     D:8: 799 daAuts
     D:4: 661 daAuts
     D:1: 598 daAuts
     D:9: 193 daAuts
  Temple: 54 daAuts
